 Dungeon Sprint DCSS version 0.26-a0-720-g2a1d101370 (webtiles) character file.

Game seed: 17228143675372033935

53277 mhtbhm the Minotaur Blade (level 14, -4/155 HPs)
             Began as a Minotaur Fighter on Nov 2, 2020.
             Was the Champion of Okawaru.
             Slain by a stone giant (8 damage)
             ... in the Dungeon (Sprint IX: "|||||||||||||||||||||||||||||").
             The game lasted 00:09:04 (5698 turns).

mhtbhm the Minotaur Blade (Minotaur Fighter)        Turns: 5698, Time: 00:09:05

Health: -4/155     AC: 27    Str: 25    XL:     14   Next: 30%
Magic:  12/13      EV: 15    Int:  5    God:    Okawaru [******]
Gold:   1700       SH:  0    Dex: 11    Spells: 13/13 levels left

rFire    . . .     SeeInvis +   y - +10 great sword of Parts Unknown {flame, rPois rC+}
rCold    + . .     Faith    .   (shield currently unavailable)
rNeg     . . .     Spirit   .   b - +1 chain mail {MR+}
rPois    +         Reflect  .   (helmet restricted)
rElec    .         Harm     .   x - +0 cloak
rCorr    .         Rampage  +   n - +1 pair of gloves
MR       ++...     NoTele   +   D - +0 pair of boots {rampage}
Stlth    ..........             (no amulet)
HPRegen  0.35/turn              B - ring of see invisible
MPRegen  0.13/turn              o - +2 ring of protection

@: heroism, slowed, very slow
A: retaliatory headbutt, horns 2
a: Heroism, Finesse, Renounce Religion


You were in the Dungeon.
You worshipped Okawaru.
Okawaru was exalted by your worship.
You visited 1 branch You collected 1946 gold pieces.
You spent 246 gold pieces at shops.

Inventory:

Hand Weapons
 a - the +2 scimitar "Demonslayer" {vorpal, rC+}
   (You found it in the Dungeon)

   It inflicts extra damage upon your enemies.
   It protects you from cold.
 y - the +10 great sword of Parts Unknown (weapon) {flame, rPois rC+}
   (Okawaru gifted it to you in the Dungeon)

   It has been specially enchanted to burn those struck by it, causing extra
   injury to most foes and up to half again as much damage against particularly
   susceptible opponents.
   Big, fiery blades are also staple armaments of hydra-hunters.
   It protects you from cold.
   It protects you from poison.
 F - a +2 scimitar of holy wrath
Missiles
 v - 4 silver javelins (quivered)
 E - 24 javelins
 G - 2 datura-tipped darts
Armour
 b - a +1 chain mail of magic resistance (worn)
 c - a +0 kite shield
 n - a +1 pair of gloves (worn)
 x - a +0 cloak (worn)
 D - a +0 pair of boots of rampaging (worn)
Jewellery
 o - a +2 ring of protection (right hand)
 z - an uncursed ring of protection from fire
 A - an uncursed ring of poison resistance
 B - a ring of see invisible (left hand)
Wands
 m - a wand of iceblast (9)
Scrolls
 j - 2 scrolls of blinking
 k - 5 scrolls of remove curse
 l - 2 scrolls of amnesia
 q - 6 scrolls of identify
 s - 3 scrolls of fear
 t - 3 scrolls of enchant weapon
 u - a scroll of fog
Potions
 d - 2 potions of might
 e - 4 potions of curing
 f - 4 potions of heal wounds
 g - 2 potions of haste
 h - 4 potions of magic
 i - a potion of invisibility
 p - a potion of berserk rage
 r - 2 potions of brilliance
 w - 2 potions of flight
 C - a potion of resistance


   Skills:
 + Level 22.5(27) Fighting
 + Level 23.1(27) Long Blades
 + Level 9.0(14.0) Throwing
 + Level 20.4(25.4) Armour
 + Level 8.3(13.3) Dodging
 + Level 2.0(7.0) Stealth
 + Level 20.1(25.1) Shields
 + Level 1.0 Invocations
 + Level 0.7 Evocations


You had 13 spell levels left.
You didn't know any spells.
Your spell library was empty.

Dungeon Overview and Level Annotations

Branches:
Dungeon (1/1)

Altars:
Cheibriados
Dithmenos
Elyvilon
Fedhas
Gozag
Hepliaklqana
Kikubaaqudgha
Makhleb
Nemelex Xobeh
Okawaru
Qazlal
Ru
Sif Muna
Trog
Uskayaw
Vehumet
Wu Jian
Xom
Yredelemnul
Zin
The Shining One
Beogh
Jiyva
Lugonu

Shops:
D :([?


Innate Abilities, Weirdness & Mutations

You reflexively headbutt those who attack you in melee.
You have a pair of horns on your head.


Message History

You burn the stone giant!
You kill the stone giant!
Okawaru is honoured by your kill. Something appears at your feet!
Okawaru grants you ammunition!
Your base Throwing skill increases to level 9!
Your Invocations skill increases to level 1!
The stone giant throws a large rock.
The large rock closely misses you.
Unknown command.
As you read the scroll of fog, it crumbles to dust.
The scroll dissolves into smoke.
You slash the stone giant! You burn the stone giant.
The stone giant is moderately wounded.
The stone giant hits you but does no damage.
Unknown command.
You slash the stone giant! You burn the stone giant.
You headbutt the stone giant.
The stone giant is heavily wounded.
The stone giant hits you!
You die...

,*,*,*,*,*,*,*,*,▓.▓.▓.▓.▓.▓.▓.▓.
,*,*,*,*,*,*,*,▓.▓.▓.▓.▓)▓.▓.▓.▓.
,*,*,*,*,*,*,*,▓.▓.▓.▓.▓.▓.▓)▓.▓†
,*,*,*,*,*,*,*,▓u▓.▓.▓.▓[▓.▓)▓.▓†
,*,*,*,*,*,*,*,▓Q▓.▓.▓.▓[▓.▓)▓.▓.
,*,*,*,*,*,*,*,▓§▓.▓.▓.▓[▓.▓)▓.▓.
,*,*,*,*,*,*,*,▓C▓.▓.▓.▓[▓.▓.▓.▓.
,*,*,*,*,*,*,*,▓C▓.▓.▓.▓[▓.▓)▓)▓.
,*,*,*,*,*,*,*,▓@▓.▓.▓.▓[▓.▓)▓.▓.
,*,*,*,*,*,*,*,▓§▓.▓'▓.▓[▓.▓.▓.▓.
,*,*,*,*,*,*,*,▓§▓(♣.♣.▓)▓.▓.▓.▓.
,*,*,*,*,*,*,*,▓(▓.♣.♣.▓(▓.▓.▓.▓.
,*,*,*,*,*,*,*,▓(▓.♣)♣.▓(▓.▓.▓†▓÷
,*,*,*,*+*,*,*,▓(▓(♣.♣.▓)▓.▓.▓.▓'
,*,*,*,*,*,*,*,▓.▓.♣.♣.▓)▓.▓.▓.▓.
,*,*,*,*,*,*,*,▓.▓.♣)♣.▓)▓.▓.▓.▓.
,*,*,*,*,*,*,*,▓)▓.♣.♣.▓)▓.▓.▓.▓.


You could see a stone giant and an ettin.

Vanquished Creatures
  A tentacled monstrosity (D)
  Agnes (D)
  A frost giant (D)
  An emperor scorpion (D)
  2 very ugly things (D)
  3 stone giants (D)
  An entropy weaver (D)
  An ettin (D)
  A merfolk javelineer (D)
  4 fire dragons (D)
  A merfolk impaler (D)
  A yaktaur captain (D)
  Josephine (D)
  A naga warrior (D)
  A ghost crab (D)
  A boulder beetle (D)
  A great orb of eyes (D)
  3 hydras (D)
  A centaur warrior (D)
  2 catoblepae (D)
  4 ogre magi (D)
  Erica (D)
  2 deep troll earth magi (D)
  5 death yaks (D)
  An orc high priest (D)
  A flayed ghost (D)
  A naga ritualist (D)
  3 orc knights (D)
  A necromancer (D)
  8 deep trolls (D)
  A harpy (D)
  A cyclops (D)
  A deep elf mage (D)
  An ugly thing (D)
  A manticore (D)
  2 guardian serpents (D)
  5 black mambas (D)
  A water nymph (D)
  A rime drake (shapeshifter) (D)
  3 cane toads (D)
  3 komodo dragons (D)
  A yaktaur (D)
  A demonic crawler (D)
  3 trolls (D)
  A merfolk (D)
  A wind drake (D)
  A polar bear (D)
  2 snapping turtles (D)
  5 wraiths (D)
  3 redbacks (D)
  3 tarantellas (D)
  7 yaks (D)
  A human (shapeshifter) (D)
  2 fire bats (shapeshifter) (D)
  A basilisk (D)
  Grum (D)
  A naga (D)
  3 water moccasins (D)
  10 orc warriors (D)
  A swamp drake (D)
  An ice beast (D)
  2 black bears (D)
  2 phantoms (D)
  3 wolves (D)
  2 centaurs (D)
  A scorpion (D)
  A killer bee (D)
  5 orc priests (D)
  4 orc wizards (D)
  2 worker ants (D)
  A white imp (D)
  2 orcs (D)
  A goblin (D)
  A hobgoblin (D)
  A jackal (D)
  A quokka (D)
  A ball python zombie (D)
  A bat (D)
  A quokka skeleton (D)
  2 rats (D)
159 creatures vanquished.

Vanquished Creatures (others)
  2 spriggan druids (D)
  A necromancer (D)
  A tyrant leech (D)
4 creatures vanquished.

Grand Total: 163 creatures vanquished

Notes
Turn   | Place    | Note
-------+----------+-------------------------------------------
     0 | D        | mhtbhm the Minotaur Fighter began the quest for the Orb.
     0 | D        | Reached XP level 1. HP: 19/19 MP: 0/0
    21 | D        | Noticed a centaur
    21 | D        | Noticed a worker ant
    30 | D        | Killed a worker ant
    30 | D        | Reached skill level 5 in Fighting
    30 | D        | Reached skill level 3 in Long Blades
    30 | D        | Reached skill level 5 in Armour
    30 | D        | Reached skill level 5 in Shields
    30 | D        | Reached XP level 2. HP: 18/29 MP: 1/1
    31 | D        | Reached XP level 3. HP: 23/36 MP: 2/2
    40 | D        | Killed a centaur
    40 | D        | Reached skill level 4 in Long Blades
    40 | D        | Reached skill level 1 in Dodging
    40 | D        | Reached XP level 4. HP: 5/47 MP: 3/3
    46 | D        | Found a roughly hewn altar of Beogh.
    46 | D        | Found a snail-covered altar of Cheibriados.
    46 | D        | Found a shadowy altar of Dithmenos.
    46 | D        | Found a white marble altar of Elyvilon.
    46 | D        | Found a blossoming altar of Fedhas.
    46 | D        | Found an opulent altar of Gozag.
    47 | D        | Found a hazy altar of Hepliaklqana.
    48 | D        | Found a viscous altar of Jiyva.
    49 | D        | Found an ancient bone altar of Kikubaaqudgha.
    50 | D        | Found a corrupted altar of Lugonu.
    51 | D        | Found a burning altar of Makhleb.
    52 | D        | Found a sparkling altar of Nemelex Xobeh.
    53 | D        | Found an iron altar of Okawaru.
    54 | D        | Found a stormy altar of Qazlal.
    55 | D        | Found a sacrificial altar of Ru.
    56 | D        | Found a shimmering blue altar of Sif Muna.
    57 | D        | Found a bloodstained altar of Trog.
    58 | D        | Found a hide-covered altar of Uskayaw.
    59 | D        | Found a radiant altar of Vehumet.
    60 | D        | Found an ornate altar of the Wu Jian Council.
    61 | D        | Found a shimmering altar of Xom.
    62 | D        | Found a basalt altar of Yredelemnul.
    63 | D        | Found a glowing silver altar of Zin.
    64 | D        | Found a glowing golden altar of the Shining One.
    71 | D        | Became a worshipper of Warmaster Okawaru
   243 | D        | Got the +2 scimitar "Demonslayer" {vorpal, rC+}
   307 | D        | Noticed a phantom
   307 | D        | Noticed a black bear
   315 | D        | Killed a black bear
   315 | D        | Reached skill level 6 in Long Blades
   315 | D        | Reached XP level 5. HP: 50/53 MP: 4/4
   318 | D        | Reached * piety under Okawaru
   323 | D        | Reached skill level 7 in Long Blades
   323 | D        | Reached XP level 6. HP: 53/62 MP: 5/5
   337 | D        | Reached skill level 8 in Long Blades
   385 | D        | Noticed a troll
   385 | D        | Noticed a centaur warrior
   385 | D        | Noticed a deep elf mage
   391 | D        | Killed a deep elf mage
   391 | D        | Reached ** piety under Okawaru
   391 | D        | Reached skill level 10 in Fighting
   391 | D        | Reached skill level 10 in Long Blades
   391 | D        | Reached skill level 10 in Armour
   391 | D        | Reached skill level 10 in Shields
   391 | D        | Reached XP level 7. HP: 73/73 MP: 6/6
   392 | D        | Noticed a hog
   392 | D        | a troll changed into a hog
   399 | D        | Killed a centaur warrior
   399 | D        | Reached *** piety under Okawaru
   399 | D        | Reached skill level 12 in Long Blades
   399 | D        | Reached XP level 8. HP: 48/82 MP: 7/7
   673 | D        | Noticed a komodo dragon
   673 | D        | Noticed a polar bear
   674 | D        | Noticed a cane toad
   677 | D        | Reached skill level 13 in Long Blades
   681 | D        | Noticed a boulder beetle
   687 | D        | Killed a polar bear
   687 | D        | Reached XP level 9. HP: 82/90 MP: 8/8
   695 | D        | Noticed a cane toad
   696 | D        | Reached **** piety under Okawaru
   701 | D        | Reached skill level 14 in Long Blades
   706 | D        | Killed a komodo dragon
   706 | D        | Received a gift from Okawaru
   712 | D        | Killed a cane toad
   722 | D        | Killed a boulder beetle
   722 | D        | Reached skill level 15 in Long Blades
   727 | D        | Killed a cane toad
   727 | D        | Reached XP level 10. HP: 32/100 MP: 9/9
  1018 | D        | Noticed a black mamba
  1027 | D        | Reached skill level 16 in Long Blades
  1028 | D        | Noticed a death yak
  1034 | D        | Killed a black mamba
  1047 | D        | Killed a death yak
  1047 | D        | Reached ***** piety under Okawaru
  1054 | D        | Reached skill level 17 in Long Blades
  1171 | D        | Noticed a death yak
  1171 | D        | Noticed a death yak
  1171 | D        | Noticed a death yak
  1171 | D        | Noticed a catoblepas
  1175 | D        | Noticed a death yak
  1186 | D        | Killed a catoblepas
  1186 | D        | Reached skill level 1 in Throwing
  1199 | D        | Killed a death yak
  1204 | D        | Received a gift from Okawaru
  1207 | D        | Killed a death yak
  1207 | D        | Reached skill level 18 in Long Blades
  1207 | D        | Reached XP level 11. HP: 63/111 MP: 10/10
  1212 | D        | Killed a death yak
  1220 | D        | Killed a death yak
  1220 | D        | Reached skill level 15 in Armour
  1593 | D        | Noticed Josephine
  1607 | D        | Killed Josephine
  1607 | D        | Reached skill level 15 in Fighting
  1607 | D        | Reached skill level 15 in Shields
  1613 | D        | Received a gift from Okawaru
  1621 | D        | Got a warped great sword {god gift}
  1663 | D        | Noticed an orc knight
  1681 | D        | Killed an orc knight
  1681 | D        | Noticed a stone giant
  1729 | D        | Killed a stone giant
  1729 | D        | Reached skill level 19 in Long Blades
  2046 | D        | Noticed an orc knight
  2046 | D        | Noticed an orc high priest
  2048 | D        | Noticed a sixfirhy
  2048 | D        | Noticed an orc knight
  2065 | D        | Killed an orc high priest
  2068 | D        | Killed an orc knight
  2068 | D        | Received a gift from Okawaru
  2068 | D        | Reached skill level 5 in Throwing
  2072 | D        | Killed an orc knight
  2314 | D        | Found Tiecugop's Magic Scroll Boutique.
  2314 | D        | Noticed a deep troll
  2314 | D        | Noticed a deep troll
  2314 | D        | Noticed an ogre mage
  2314 | D        | Noticed a deep troll
  2314 | D        | Noticed a deep troll
  2316 | D        | Noticed a deep troll
  2322 | D        | Killed a deep troll
  2327 | D        | Reached XP level 12. HP: 99/124 MP: 11/11
  2328 | D        | Found Koutor's Antique Armour Shop.
  2343 | D        | Killed an ogre mage
  2368 | D        | Reached ****** piety under Okawaru
  2518 | D        | Found Ympaadgh's Antique Weapon Boutique.
  2522 | D        | Found Doihogoch's Book Shop.
  2527 | D        | Noticed an ogre mage
  2531 | D        | Received a gift from Okawaru
  2545 | D        | Reached skill level 5 in Dodging
  2559 | D        | Killed an ogre mage
  2716 | D        | Bought a scroll of identify for 24 gold pieces
  2716 | D        | Bought a scroll of identify for 24 gold pieces
  2716 | D        | Bought a scroll of fog for 24 gold pieces
  2716 | D        | Bought a scroll of enchant weapon for 90 gold pieces
  2716 | D        | Bought a scroll of magic mapping for 42 gold pieces
  2735 | D        | Bought a scroll of fear for 42 gold pieces
  2932 | D        | Noticed a catoblepas
  2982 | D        | Killed a catoblepas
  3029 | D        | Noticed a deep troll earth mage
  3041 | D        | Killed a deep troll earth mage
  3041 | D        | Received a gift from Okawaru
  3041 | D        | Reached skill level 20 in Long Blades
  3056 | D        | Noticed a deep troll earth mage
  3059 | D        | Noticed an ettin
  3067 | D        | Killed a deep troll earth mage
  3254 | D        | Killed an ettin
  3632 | D        | Noticed an ogre mage
  3644 | D        | Killed an ogre mage
  3646 | D        | Noticed a purple very ugly thing
  3658 | D        | Killed a purple very ugly thing
  3658 | D        | Reached skill level 1 in Stealth
  3658 | D        | Reached XP level 13. HP: 81/136 MP: 12/12
  3882 | D        | Noticed Erica
  3887 | D        | Killed Erica
  3950 | D        | Identified the +10 great sword of Parts Unknown {flame,
                  | rPois rC+} (Okawaru gifted it to you in the Dungeon)
  3964 | D        | Noticed a tentacled monstrosity
  3975 | D        | Killed a tentacled monstrosity
  4465 | D        | Noticed an emperor scorpion
  4465 | D        | Noticed an entropy weaver
  4470 | D        | Killed an entropy weaver
  4473 | D        | Killed an emperor scorpion
  4475 | D        | Received a gift from Okawaru
  4621 | D        | Noticed a merfolk javelineer
  4623 | D        | Noticed a merfolk impaler
  4632 | D        | Killed a merfolk javelineer
  4632 | D        | Received a gift from Okawaru
  4640 | D        | Reached skill level 21 in Long Blades
  4649 | D        | Killed a merfolk impaler
  4966 | D        | Noticed Agnes
  4973 | D        | Killed Agnes
  4973 | D        | Received a gift from Okawaru
  5007 | D        | Noticed Grum
  5011 | D        | Killed Grum
  5046 | D        | Noticed a stone giant
  5046 | D        | Noticed a fire dragon
  5046 | D        | Noticed a fire dragon
  5050 | D        | Noticed a frost giant
  5060 | D        | Killed a fire dragon
  5060 | D        | Reached skill level 22 in Long Blades
  5494 | D        | Killed a fire dragon
  5494 | D        | Received a gift from Okawaru
  5494 | D        | Reached XP level 14. HP: 131/151 MP: 13/13
  5621 | D        | Killed a stone giant
  5651 | D        | Killed a frost giant
  5651 | D        | Received a gift from Okawaru
  5665 | D        | Noticed a green very ugly thing
  5671 | D        | Killed a green very ugly thing
  5673 | D        | Noticed a stone giant
  5675 | D        | Noticed a stone giant
  5692 | D        | Reached skill level 23 in Long Blades
  5692 | D        | HP: 7/155 [stone giant/large rock (27)]
  5693 | D        | HP: 2/155 [stone giant (6)]
  5695 | D        | Killed a stone giant
  5695 | D        | Received a gift from Okawaru
  5695 | D        | Reached skill level 1 in Invocations
  5698 | D        | Slain by a stone giant

Illustrated notes

Levels and vault maps discovered:
D:        linesprint [early_d, line_temple, items_1, d_10, items_2, lair_1,
          lair_end, items_3, orc_1, orc_end, items_4, d_15, swamp_1, shoals_1,
          snake_1, spider_1, d_20, vaults_1, items_5, swamp_end, shoals_end,
          snake_end, spider_end, vaults_end, d_27, items_6, zot_1, zot_end,
          crypt_end, forest_end, elf_end, slime_end, tomb_end, abyss_end,
          pan_hell_end]

Skill      XL: |  1  2  3  4  5  6  7  8  9 10 11 12 13 14 |
---------------+-------------------------------------------+-----
Fighting       | 5 7 8 10 11 12 14 16 18 21 22 | 22.5
Armour         | 5 6 8 10 11 13 14 16 18 19 20 | 20.4
Shields        | 5 6 8 10 11 12 13 14 15 19 20 | 20.1
Long Blades    | 3 4 6 7 10 12 13 15 18 19 20 22 23 | 23.1
Dodging        | 1 2 3 4 5 7 8 |  8.3
Throwing       | 1 5 7 8 9 |  9.0
Stealth        | 1 2 |  2.0
Invocations    | 1 |  1.0
Evocations     | |  0.7

Action                   |  1- 3 |  4- 6 |  7- 9 | 10-12 | 13-15 || total
-------------------------+-------+-------+-------+-------+-------++-------
Melee: Long sword        |    27 |     1 |       |       |       ||    28
       Headbutt          |     4 |    10 |    23 |    81 |    37 ||   155
       Scimitar          |       |    30 |    73 |   316 |     3 ||   422
       Great sword       |       |       |       |       |   169 ||   169
Throw: Javelin           |       |       |       |    28 |     5 ||    33
Invok: Heroism           |       |       |       |     1 |     1 ||     2
Evoke: Wand              |       |       |       |     1 |       ||     1
  Use: Potion            |     1 |       |       |     2 |     3 ||     6
       Scroll            |       |       |       |     2 |     3 ||     5
Armor: Scale mail        |    11 |       |       |       |       ||    11
       Plate armour      |       |    17 |    19 |    68 |       ||   104
       Chain mail        |       |       |       |    19 |   107 ||   126
Dodge: Dodged            |    11 |    13 |    15 |    76 |    86 ||   201
Block: Kite shield       |    13 |    28 |    20 |   159 |     4 ||   224
       Rpst.: Long sword |     5 |       |       |       |       ||     5
       Scimitar          |       |     3 |     3 |    14 |     1 ||    21
       Great sword       |       |       |       |       |    12 ||    12

Table legend: (Time is in decaauts)
 A = Elapsed time spent in this place.
 B = Non-inter-level travel time spent in this place.
 C = Inter-level travel time spent in this place.
 D = Time resting spent in this place.
 E = Time spent auto-exploring this place.
 F = Levels seen in this place.
 G = Mean time per level.
                   A        B        C        D        E       F      G
               +--------+--------+--------+--------+--------+-----+--------+
         Total |   5581 |   5581 |      0 |   2376 |   1159 |   1 | 5581.0 |
       Dungeon |   5581 |   5581 |      0 |   2376 |   1159 |   1 | 5581.0 |
               +--------+--------+--------+--------+--------+-----+--------+

Top non-repeatable levels by time:
       D: 5581 daAuts
